Cogmind - Beta 12 @@@ ROGUE MODE // 2023.04.30 @ 21:40:18 Player: DreamweaverKara Result: Destroyed by Y-45 Defender with Beam Rifle Performance ------------- Evolutions (2) 1000 Regions Visited (4) 800 Robots Destroyed (7) 35 Value Destroyed (243) 243 Prototype IDs (1) 20 Alien Tech Used (0) 0 Bonus (470) 470 TOTAL SCORE: 2568 Bonus ------- Pacifist 470 Cogmind --------- Core Integrity 0/550 Matter 238/300 Energy 113/265 System Corruption 1% Temperature Cool (12) Movement Core (350) Ox6 Location -8/Storage Parts ------- > --- POWER (2) -------- Improved Ion Engine > --- PROPULSION (3) --- (None) > --- UTILITY (4) ------ Medium Storage Unit > --- WEAPON (2) ------- Assault Rifle > --- INVENTORY (10) --- Aluminum Leg Aluminum Leg Compact Wheel Heat Sink Peak State ------------ > --- POWER ------------ Ion Engine Ion Engine > --- PROPULSION ------- Wheel Wheel Wheel > --- UTILITY ---------- Medium Storage Unit Medium Armor Plating Medium Armor Plating Shield Generator > --- WEAPON ----------- Assault Rifle Light Assault Rifle > --- INVENTORY -------- Aluminum Leg Aluminum Leg Compact Wheel Heat Sink Improved EM Shotgun EMP Blaster EMP Blaster [Rating: 15] Favorites ----------- Power Ion Engine Engine Ion Engine Propulsion Aluminum Leg Leg Aluminum Leg Wheel Wheel Flight Unit Cesium-ion Thruster Utility Small Storage Unit Device Sensor Array Storage Small Storage Unit Protection Medium Armor Plating Weapon Light Assault Rifle Energy Gun Improved EM Shotgun Ballistic Gun Light Assault Rifle Launcher EMP Blaster Build | -11 -10 -9 -8 -8 ------- Run | Jun Mat Mat Mat Sto Slots Evolved 4 | . . 2 2 . Power 1 | . . . 1 . Propulsion 1 | . . . 1 . Utility 2 | . . 2 . . Weapon . | . . . . . Parts Attached 28 | 6 1 3 4 14 Power 5 | 1 . . . 4 Engine 5 | 1 . . . 4 Core . | . . . . . Reactor . | . . . . . Propulsion 8 | 2 . . 3 3 Treads . | . . . . . Leg 2 | 2 . . . . Wheel 5 | . . . 3 2 Hover . | . . . . . Flight 1 | . . . . 1 Utility 8 | 1 1 2 1 3 Device 2 | . 1 . . 1 Storage 2 | 1 . 1 . . Processor . | . . . . . Hackware . | . . . . . Protection 4 | . . 1 1 2 Artifact . | . . . . . Weapon 7 | 2 . 1 . 4 Energy Gun 1 | . . . . 1 Energy Cannon . | . . . . . Ballistic Gun 4 | 2 . 1 . 1 Ballistic Cannon . | . . . . . Launcher 2 | . . . . 2 Special Weapon . | . . . . . Impact Weapon . | . . . . . Slashing Weapon . | . . . . . Piercing Weapon . | . . . . . Special Melee Weapon . | . . . . . Unidentified Prototypes 1 | . . . . 1 Corrupted Parts 1 | . . . . 1 System Corruption 1 | . . . . 1 Parts Lost 13 | . . . 1 12 Power 2 | . . . . 2 Propulsion 3 | . . . . 3 Utility 4 | . . . 1 3 Weapon 4 | . . . . 4 Highest Loss Streak 12 | . . . 1 12 To Critical Strikes . | . . . . . Average Slot Usage (%) 80 | . 86 78 81 76 Engine 11 | . 14 11 9 14 Leg 17 | . 28 22 . . Wheel 6 | . . . 27 21 Device 7 | . 1 11 8 6 Storage 11 | . 14 11 9 9 Protection 3 | . . 1 9 14 Ballistic Gun 21 | . 28 22 18 8 Naked Turns . | . . . . . Heaviest Build 39 | 13 14 26 32 39 Greatest Support 30 | 20 20 20 30 30 Greatest Overweight (x) 4 | 1 . 1 1 4 Average Overweight (x) . | . . . . 1 Largest Inventory Capacity 10 | 8 8 10 10 10 Average Capacity 8 | 7 8 9 10 10 Most Carried 10 | 4 6 10 10 10 Average Carried 6 | 3 4 8 8 7 Final Capacity 10 | 8 8 10 10 10 Final Carried 10 | 4 6 10 8 4 Class Distribution -------------------- 100% | Mutant Dominant Class ---------------- Mutant | -10/Materials Mutant | -9/Materials Mutant | -8/Materials Mutant | -8/Storage Resources | -11 -10 -9 -8 -8 ----------- Run | Jun Mat Mat Mat Sto Matter Collected 416 | 196 . 104 . 116 Remotely . | . . . . . Salvage Created 319 | . . . . 319 Parts 22 | . . . . 22 Haulers Intercepted . | . . . . . Recyclers Shooed . | . . . . . Parts Field Recycled . | . . . . . Retrieved Matter . | . . . . . Parts Self-Destructed . | . . . . . Prevented . | . . . . . Kills | -11 -10 -9 -8 -8 ------- Run | Jun Mat Mat Mat Sto Combat Hostiles Destroyed 5 | . . . . 5 Guns 2 | . . . . 2 AOE 3 | . . . . 3 Classes Destroyed 4 | . . . . 4 Builder 2 | . . . . 2 Grunt 3 | . . . . 3 Duelist 1 | . . . . 1 Sentry 1 | . . . . 1 Best Kill Streak 5 | . . . . 5 Combat Bots Only 3 | . . . . 3 Max Kills in Single Turn 4 | . . . . 4 Gunslinging . | . . . . . Exploded 2 | . . . . 2 Melee . | . . . . . Uniques/NPCs Destroyed . | . . . . . Combat | -11 -10 -9 -8 -8 -------- Run | Jun Mat Mat Mat Sto Damage Taken 1794 | . . . 355 1439 Core 554 | . . . 31 523 Absorbed by Shields 135 | . . . . 135 Regen/Repaired (Parts) 97 | . . . . 97 Core Remaining (%) 100 | 100 100 100 . . Volleys Fired 24 | . . . 1 23 Largest 2 | . . . 2 2 Hottest 66 | . . . 40 66 Shots Fired 28 | . . . 2 26 Gun 21 | . . . 2 19 Cannon . | . . . . . Launcher 7 | . . . . 7 Special . | . . . . . Kinetic 19 | . . . 2 17 Thermal . | . . . . . Explosive . | . . . . . Electromagnetic 9 | . . . . 9 Robot Hit Streak 12 | . . . . 12 Robot Miss Streak 5 | . . . . 5 Penetration Max . | . . . . . Secondary Targets . | . . . . . Shots Hit Robots 18 | . . . . 18 Core Hits 17 | . . . . 17 Critical Kills . | . . . . . Critical Parts Destroyed . | . . . . . Critical Strikes . | . . . . . Melee Attacks . | . . . . . Impact . | . . . . . Slashing . | . . . . . Piercing . | . . . . . Sneak Attacks . | . . . . . Combat Hostiles . | . . . . . Follow-up Attacks . | . . . . . Damage Inflicted 674 | . . . 22 652 Guns 161 | . . . . 161 Cannons . | . . . . . Explosions 483 | . . . . 483 Melee . | . . . . . Ramming 30 | . . . 22 8 Kinetic 123 | . . . . 123 Thermal 227 | . . . . 227 Explosive . | . . . . . Electromagnetic 294 | . . . . 294 Impact . | . . . . . Slashing . | . . . . . Piercing . | . . . . . Highest Corruption 1 | . . . . 1 Average Corruption 1 | . . . . 1 Corruption Purged . | . . . . . Corruption Blocked . | . . . . . Overload Shots . | . . . . . Overflow Damage 8 | . . . . 8 Projectiles . | . . . . . Explosions 8 | . . . . 8 Melee . | . . . . . Knockbacks . | . . . . . Impact . | . . . . . Kinetic . | . . . . . Secondary . | . . . . . Self-Inflicted Damage 69 | . . . 11 58 Shots 4 | . . . . 4 Rammed 2 | . . . 1 1 Targets Rammed 2 | . . . 1 1 Kicked . | . . . . . Crushed . | . . . . . Highest Temperature 21 | . . . 7 21 Average Temperature 6 | . . . 4 6 Received Heat Transfer 712 | . . . 189 523 Siege Activations . | . . . . . Robots Corrupted . | . . . . . Combat Hostiles . | . . . . . Parts Fried 2 | . . . . 2 Impact Corruptions . | . . . . . Robots Melted . | . . . . . Combat Hostiles . | . . . . . Parts Melted . | . . . . . Heat Transferred 200 | . . . . 200 Parts Sabotaged . | . . . . . Parts Stolen . | . . . . . Parts Stripped . | . . . . . Power Chain Reactions 1 | . . . . 1 Missiles Intercepted . | . . . . . Alert | -11 -10 -9 -8 -8 ------- Run | Jun Mat Mat Mat Sto Peak Influence 117 | . 15 15 20 117 Initial 8 | . . . . 8 Average 8 | . 9 7 2 40 Maximum Alert Level . | . . . . . Low Security (%) 100 | 100 100 100 100 100 Level 1 . | . . . . . Level 2 . | . . . . . Level 3 . | . . . . . Level 4 . | . . . . . Level 5 . | . . . . . High Security . | . . . . . Max Security . | . . . . . Squads Dispatched 4 | . 1 1 1 1 Investigation . | . . . . . Extermination . | . . . . . Reinforcement 3 | . 1 1 1 . Assault . | . . . . . Garrison 1 | . . . . 1 Intercept . | . . . . . Searches Triggered . | . . . . . Construction Impeded . | . . . . . Haulers Reinforced . | . . . . . Active Scanning Responses . | . . . . . Cargo Convoy Interrupts . | . . . . . Stealth | -11 -10 -9 -8 -8 --------- Run | Jun Mat Mat Mat Sto Distress Signals 1 | . . . . 1 Communications Jammed . | . . . . . Distress Signals . | . . . . . Times Spotted 24 | . 1 4 9 10 Peak Tracking Total 10 | . 1 2 10 9 Tactical Retreats 1 | . . . . 1 Traps | -11 -10 -9 -8 -8 ------- Run | Jun Mat Mat Mat Sto Traps Triggered 3 | . . 1 . 2 Indirectly . | . . . . . Trap Hack Attempts . | . . . . . Triggered . | . . . . . Disarmed . | . . . . . Reprogrammed . | . . . . . Reused . | . . . . . Traps Extracted . | . . . . . Installed . | . . . . . Triggered . | . . . . . Machines | -11 -10 -9 -8 -8 ---------- Run | Jun Mat Mat Mat Sto Machines Disabled . | . . . . . Max in Single Turn . | . . . . . Machines Repaired . | . . . . . Machines Sabotaged . | . . . . . Overloaded Fab Kills . | . . . . . Hacking | -11 -10 -9 -8 -8 --------- Run | Jun Mat Mat Mat Sto Machines Accessed 5 | . . 1 2 2 Terminals 4 | . . 1 2 1 Fabricators . | . . . . . Repair Stations 1 | . . . . 1 Recycling Units . | . . . . . Scanalyzers . | . . . . . Garrison Access . | . . . . . Total Hacks 14 | . . 1 7 6 Successful 5 | . . . 2 3 Failed 9 | . . 1 5 3 Catastrophic 1 | . . 1 . . Database Lockouts . | . . . . . Manual . | . . . . . Terminals 12 | . . 1 7 4 Fabricators . | . . . . . Repair Stations 2 | . . . . 2 Recycling Units . | . . . . . Scanalyzers . | . . . . . Garrison Access . | . . . . . Terminal Hacks 3 | . . . 2 1 Record 1 | . . . 1 . Recall Reinforcements 1 | . . . . 1 Zone Layout 1 | . . . 1 . Fabricator Hacks . | . . . . . Repair Station Hacks 2 | . . . . 2 Scan Component 1 | . . . . 1 Repair 1 | . . . . 1 Recycling Unit Hacks . | . . . . . Scanalyzer . | . . . . . Garrison Access Hacks . | . . . . . Unauthorized Hacks . | . . . . . Terminals . | . . . . . Fabricators . | . . . . . Repair Stations . | . . . . . Recycling Units . | . . . . . Scanalyzers . | . . . . . Garrison Access . | . . . . . Data Cores Recovered . | . . . . . Used . | . . . . . Hacking Detections 3 | . . 1 2 . Full Trace Events 1 | . . . 1 . Feedback Events . | . . . . . Feedback Blocked . | . . . . . Robot Schematics Acquired . | . . . . . Robots Built . | . . . . . Authchips . | . . . . . Time . | . . . . . Total Robot Build Rating . | . . . . . Part Schematics Acquired . | . . . . . Parts Built . | . . . . . Authchips . | . . . . . Time . | . . . . . Total Part Build Rating . | . . . . . Parts Repaired 1 | . . . . 1 Time 26 | . . . . 26 Parts Recycled . | . . . . . Recycled Matter . | . . . . . Retrieved Matter . | . . . . . Retrieved Components . | . . . . . Parts Scanalyzed . | . . . . . Part Schematics Acquired . | . . . . . Parts Damaged . | . . . . . Bothacking | -11 -10 -9 -8 -8 ------------ Run | Jun Mat Mat Mat Sto Used RIF Installer . | . . . . . Robots Hacked . | . . . . . Non-combat . | . . . . . Combat . | . . . . . Robot Hacks Applied . | . . . . . Relay Couplers Released . | . . . . . Fabnet Peak Effective % . | . . . . . Robots Rewired . | . . . . . Allies Hacked . | . . . . . Hacks Repelled . | . . . . . Allies | -11 -10 -9 -8 -8 -------- Run | Jun Mat Mat Mat Sto Total Allies . | . . . . . Largest Group . | . . . . . Highest-Rated Group . | . . . . . Highest-Rated Ally . | . . . . . Total Orders . | . . . . . Ally Attacks . | . . . . . Total Damage . | . . . . . Kills . | . . . . . Allies Corrupted . | . . . . . Allies Melted . | . . . . . Intel | -11 -10 -9 -8 -8 ------- Run | Jun Mat Mat Mat Sto Robot Analysis Total . | . . . . . Derelict Logs Recovered . | . . . . . Drone Launches . | . . . . . Drone Recoveries . | . . . . . Exploration | -11 -10 -9 -8 -8 ------------- Run | Jun Mat Mat Mat Sto Turns Passed 3441 | 935 632 1214 305 355 Spaces Moved 901 | 207 120 181 167 226 Core 13 | 5 . . . 8 Treads . | . . . . . Legs 503 | 202 120 181 . . Wheels 384 | . . . 167 217 Hover . | . . . . . Flight 1 | . . . . 1 Fastest Speed 50 | 50 120 120 80 80 Average Speed 111 | 119 120 138 80 100 Slowest Speed 250 | 120 120 190 95 250 Overloaded Moves . | . . . . . Propulsion Burnouts . | . . . . . Robots Hopped . | . . . . . Cave-ins Triggered . | . . . . . Exploration Rate (%) 27 | 26 30 19 18 44 Regions Visited 4 Branch Regions 1 Pre-discovered Areas . | . . . . . Known Exits Taken . | . . . . . Unknown Exits Taken 4 | 1 1 1 1 . Scrap Searched . | . . . . . Spaces Dug . | . . . . . Terrain Destroyed 8 | . . . . 8 Melee . | . . . . . Projectile . | . . . . . AOE 8 | . . . . 8 Terrain Rammed . | . . . . . Walls Destroyed . | . . . . . Machines Disabled . | . . . . . Actions | -11 -10 -9 -8 -8 --------- Run | Jun Mat Mat Mat Sto Total 3309 | 895 608 1145 333 328 Wait 2330 | 673 485 954 161 57 Move 897 | 206 119 180 166 226 Hop . | . . . . . Pick Up 26 | 10 3 6 . 7 Fast Attach 5 | . . 2 . 3 Attach 21 | 6 1 1 2 11 Detach . | . . . . . Swap 2 | . . . 2 . Drop 2 | . . 2 . . Fire 24 | . . . 1 23 Melee . | . . . . . Ram 2 | . . . 1 1 Kick . | . . . . . Crush . | . . . . . Escape Stasis . | . . . . . Rewire . | . . . . . Trap . | . . . . . Miscellaneous . | . . . . . Route ------- -11/Junkyard -10/Materials -9/Materials -8/Materials -8/Storage History --------- Turn | Location | Event 2 | -11/Junkyard | Met Revision 17 11 | -11/Junkyard | Discovered new exit (range 16) 936 | -11/Junkyard | Entered Materials 937 | -10/Materials | Build established: Mutant 1542 | -10/Materials | Discovered new exit (range 16) 1568 | -10/Materials | Entered another Materials area 1568 | -9/Materials | Evolved 2 slots: Utility x2 2729 | -9/Materials | Discovered new exit (range 16) 2782 | -9/Materials | Entered another Materials area 2782 | -8/Materials | Evolved 2 slots: Power x1, Propulsion x1 3066 | -8/Materials | Discovered new exit (range 13) 3087 | -8/Materials | Entered Storage 3155 | -8/Storage | Repaired Assault Rifle 3391 | -8/Storage | Garrison activated, responded to threat 3416 | -8/Storage | Core integrity fell below 50% 3434 | -8/Storage | Core integrity fell below 20% 3442 | -8/Storage | Destroyed by Y-45 Defender with Beam Rifle Last Messages --------------- 03403_ Reactive Plating destroyed. 03405_ Wheel destroyed. 03405_ Chain reaction triggered in Corrupted Lgt. Nuclear Core. 03405_ G-47 Trooper destroyed. 03405_ U-05 Engineer destroyed. 03405_ Imp. Heat Sink fried. 03405_ G-47 Trooper destroyed. 03405_ U-05 Engineer destroyed. 03406_ Critical hit (Burn: +37). 03411_ U-05 Engineer builds a Wall. 03411_ EMP Blaster destroyed. 03412_ Critical hit (Burn: +37). 03424_ Acquired Cesium-ion Thruster. 03426_ Identified Imp. EM Shotgun. 03429_ Katana fried. 03429_ L-31 Rogue destroyed. 03433_ Imp. EM Shotgun destroyed. 03433_ Acquired Corrupted Imp. Ion Engine. 03434_ Integrated Corrupted Imp. Ion Engine (+1). 03434_ Complication: Cesium-ion Thruster rejected. Map ----- +----------------------------------------------------+ | ???????????# """"?" #??#%#??????## ##??# | | ???????????# """ #### ######## #??# | | ############ + #??# ## | | # + ########## ## T #??# ###+### | | # ##############????????#!## #??# + | | # #????????????????###|## #??#!# | | # #???????????????## #%####/###### # | | ####### #???????????????# !=# = ## # | | ??????## ##??????????????? %[%# ## # | | ???????# #????????????????? %=*# ## # | | ######## #????????????????? =%!#[= ## ####### | | # #?????????????????#[* # ! !# #????? | | # #?????????????????# # / #????? | | # ##########+##?????# # # #????? | | "" [# ^ #?????# # ## ##????? | | "" [/ #?????# # ## #?????? | | "" !#= ####### ########### ?????? | | "" ### # # #?????????# ##????? | | "" #?# # # #?????????# #?????? | | #?# # # r #?????????# #?????? | | ########?######### # # #?????????# ??????? | | ???????????# # ^^#""" #Y #??????????+??????? | | ???????????# """ # #""" Y #?????????????????? | | ???????????# """ # #""" Y# #?????????????????? | | ?????###???# """ # #"""Yg# #?????????????????? | | ???? ??# """ + #"""@!# / ????????????????? | | ?# """ """ # """ # # # # "??????????????? | | ?# """ """ # # # # # "G ?????????????? | | ?# """ """ # + # # #? "" "???????????? | | ?# """ """ #] # ####### #? ???????????? | | ?# """ """ # # #?????# #?? #?????????????? | | ?# # !# #?????# #??##?????????????? | | ?# # # #?????? #?????????????????? | | ######+########### #?????? #?????????????????? | | # #?????? ?????????????????? | | # #?????? ?????????????????? | | # #?????? ??????????????????? | | ################+#####???????????????????????????? | | ?????????#### #???????????????????????????? | | ?????????#""" """ #???????????????????????????? | | ?????????#"R """ #???????????????????????????? | | ?????????#""" """ #???????????????????????????? | | ?????????#### #???????????????????????????? | | ????????????# """ %#???????????????????????????? | | ????????????# """ #???????????????????????????? | | ????????????# """ #???????????????????????????? | | ????????????# #???????????????????????????? | | ????????????##########???????????????????????????? | | | | | +----------------------------------------------------+ Best States ------------- Heat Dissipation 31 Energy Generation 15 Energy Capacity 400 Matter Stores 300 Matter Capacity 300 Sight Range 16 Robot Scan Range 14 Terrain Scan Density 10 Armor Coverage 450 Resistance: KI 20 Evasion (%) 55 Item Schematics ----------------- None Robot Schematics ------------------ None Fabricated ------------ Nothing Alien Tech Used ----------------- None Achievements -------------- None Challenges ------------ None Game ------ Seed CompactComponentSink Manual? 0 Play Time 00:16:52 Cumulative 15.8 hours Start 2023.04.30 @ 21:23:19 End 2023.04.30 @ 21:40:18 Sessions 1 Manual Loads 0 Difficulty Rogue Special Mode None Game No. 59 Rogue 59 Adventurer 0 Explorer 0 Win Type - Total 0 Types 0/0/0/0/0/0/0/0/0 Lore% 12 Gallery% 23 Achievement% 18 Wizard Run 0 Options --------- ASCII 1 Keyboard 0 Movement Mouse Keybinds 0 Fullscreen 2 Font 16/Terminus Map View 76x50 Tactical HUD 1 Map Filters NONE Filters NONE Steam 1 RUN: 170a50c3-b11a-4715-b5be-b5d4da95e892